 Dungeon Crawl Stone Soup version 0.30-a0-585-g93115170b9 (webtiles) character file.

Game seed: 9998746341295193473

605 mrw0lf the Vexing (level 7, -4/43 (53) HPs)
             Began as a Gnoll Hexslinger on Jan 1, 2023.
             Was an Initiate of Okawaru.
             Slain by a wight
             ... wielding a +1 halberd
              (7 damage)
             ... on level 4 of the Dungeon.
             The game lasted 00:21:25 (5132 turns).

mrw0lf the Vexing (Gnoll Hexslinger)                Turns: 5132, Time: 00:21:25

HP:   -4/43 (53)    AC: 11    Str: 13    XL:     7   Next: 42%
MP:   11/11         EV: 14    Int: 13    God:    Okawaru [......]
Gold: 170           SH:  0    Dex: 18    Spells: 12/13 levels left

rFire   . . .      SeeInvis .    b - +1 dagger (protect)
rCold   . . .      Faith    .    (no shield)
rNeg    . . .      Spirit   .    x - +0 leather armour
rPois   .          Reflect  .    (no helmet)
rElec   .          Harm     .    (no cloak)
rCorr   .          Rampage  .    (no gloves)
Will    .....                    p - +0 pair of boots
Stlth   ++                       (no amulet)
HPRegen 0.27/turn                k - +6 ring of dexterity
MPRegen 0.12/turn                r - ring of flight

@: under a protective aura, flying, heavily drained
A: fangs 1, strong nose, distributed training, low MP 1, strong 1
a: Renounce Religion


You were on level 4 of the Dungeon.
You worshipped Okawaru.
Okawaru was noncommittal.
You visited 2 branches of the dungeon, and saw 6 of its levels.

You collected 170 gold pieces.

Inventory:

Hand Weapons
 a - a +1 sling
 b - a +1 dagger of protection (weapon)
Missiles
 n - 5 silver javelins (quivered)
Armour
 c - a +0 robe
 i - a +1 ring mail of willpower
 p - a +0 pair of boots (worn)
 x - a +0 leather armour (worn)
Jewellery
 k - a +6 ring of dexterity (left hand)
 r - a ring of flight (right hand)
Wands
 v - a wand of roots (8)
 D - a wand of digging (2)
Scrolls
 d - a scroll of enchant armour {unknown}
 f - 2 scrolls of noise {unknown}
 h - 2 scrolls of teleportation {unknown}
 j - a scroll of magic mapping {unknown}
 m - 2 scrolls of poison
 o - a scroll of identify {unknown}
 u - 2 scrolls of amnesia {unknown}
 w - 2 scrolls of blinking {unknown}
 y - a scroll of enchant weapon {unknown}
 z - a scroll of butterflies {unknown}
 B - a scroll of torment {unknown}
Potions
 e - 2 potions of cancellation
 g - a potion of haste {unknown}
 q - 3 potions of curing
 s - a potion of brilliance {unknown}
 t - a potion of mutation
 A - 2 potions of lignification {unknown}


   Skills:
 + Level 3.7 Fighting
 + Level 2.6 Short Blades
 + Level 2.6 Long Blades
 + Level 2.6 Axes
 + Level 2.6 Maces & Flails
 + Level 2.6 Polearms
 + Level 2.6 Staves
 + Level 5.3 Ranged Weapons
 + Level 2.6 Throwing
 + Level 2.6 Armour
 + Level 5.3 Dodging
 + Level 2.6 Stealth
 + Level 2.6 Shields
 + Level 2.6 Unarmed Combat
 + Level 3.9 Spellcasting
 + Level 2.1 Conjurations
 + Level 5.9 Hexes
 + Level 2.1 Summonings
 + Level 2.1 Necromancy
 + Level 2.1 Translocations
 + Level 2.1 Transmutations
 + Level 2.1 Fire Magic
 + Level 2.1 Ice Magic
 + Level 2.1 Air Magic
 + Level 2.1 Earth Magic
 + Level 2.1 Poison Magic
 + Level 2.9 Invocations
 + Level 2.6 Evocations


You had 12 spell levels left.
You knew the following spells:

 Your Spells              Type           Power      Damage    Failure   Level
s - Slow                  Hex            68%        N/A       2%          1

Your spell library contained the following spells:

 Spells                   Type           Power      Damage    Failure   Level
 Inner Flame              Hex/Fire       12%        N/A       16%         3
 Portal Projectile        Hex/Tloc       24%        N/A       16%         3
 Cause Fear               Hex            8%         N/A       24%         4
 Vhi's Electric Charge    Tloc/Air       16%        N/A       32%         3
 Arcjolt                  Conj/Air       4%         1d14      97%         5
 Maxwell's Capacitive Co  Air            4%         ∞         100%        8


Dungeon Overview and Level Annotations

Branches:
Dungeon (5/15)             Temple (1/1) D:4

Altars:
Ashenzari
Cheibriados
Dithmenos
Elyvilon
Fedhas
Gozag
Hepliaklqana
Kikubaaqudgha
Makhleb
Nemelex Xobeh
Okawaru
Qazlal
Ru
Sif Muna
Trog
Uskayaw
Vehumet
Wu Jian
Xom
Yredelemnul
The Shining One

Shops:
D:3 (   D:5 *

Annotations:
D:5 exclusion: phantom, Pikel


Innate Abilities, Weirdness & Mutations

You have very sharp teeth.
Your uncanny sense of smell can sniff out nearby items.
Your experience applies equally to all skills.
Your magical capacity is low. (-10% MP)
Your muscles are strong. (Str +4, Int/Dex -1)


Message History

The sling bullet barely misses the wight.
The wight hits you with a +1 halberd!
The wight hits you with a +4 spear of freezing!
* * * LOW HITPOINT WARNING * * *
You feel drained.
* * * LOW HITPOINT WARNING * * *
The wight freezes you.
* * * LOW HITPOINT WARNING * * *
You take 25 damage, and have 4/46 hp.
MASSIVE DAMAGE!!
Your +1 dagger of protection hums with potential!
b - a +1 dagger of protection (weapon)
You feel much better.
The wight hits you with a +4 spear of freezing!
You feel drained. The wight freezes you.
* * * LOW HITPOINT WARNING * * *
The wight misses you.
You regained 8 hp, and now have 12/44 hp.
You hit the wight but do no damage.
Your weapon exudes an aura of protection.
The wight is heavily damaged.
The wight barely misses you. The wight hits you but does no damage.
You hit the wight. You punch the wight, but do no damage.
The wight is almost destroyed.
The wight hits you with a +4 spear of freezing.
* * * LOW HITPOINT WARNING * * *
You feel drained.
* * * LOW HITPOINT WARNING * * *
The wight freezes you.
* * * LOW HITPOINT WARNING * * *
You take 10 damage, and have 2/43 hp.
MASSIVE DAMAGE!!
You hit the wight but do no damage.
The wight is almost destroyed.
The wight barely misses you. The wight closely misses you.
You hit the wight.
The wight is almost destroyed.
The wight hits you but does no damage.
You hit the wight but do no damage.
The wight is almost destroyed.
The wight hits you but does no damage. The wight hits you with a +1 halberd!
You die...

######
#....############
#....)..........#
####.....#########.#
#........# #.#
#....###.# #.#
####....###.###### #.#
...'....+......z@# #.#
####....########z####.#
#....# #........#
######### #.#.######
.......# #.#.# ##.....#
#.#.#
.'.....#######.#.#
##..........##.#.#
##'##.......##.#.#


You could see 2 wights.

Vanquished Creatures
  An ogre (D:3)
  3 scorpions
  A jelly (D:4)
  2 orc priests (D:4)
  3 hounds
  2 orc wizards (D:4)
  3 adders (D:3)
  A dart slug (D:3)
  8 orcs
  8 bats
  8 endoplasms
  2 giant cockroaches
  10 goblins
  8 hobgoblins
  4 jackals (D:1)
  3 quokkas
  9 ball pythons
  3 frilled lizards
  6 kobolds
  4 rats
89 creatures vanquished.

Notes
Turn   | Place    | Note
-------+----------+-------------------------------------------
     0 | D:1      | mrw0lf the Gnoll Hexslinger began the quest for the Orb.
     0 | D:1      | Reached XP level 1. HP: 17/17 MP: 4/4
   336 | D:1      | Reached XP level 2. HP: 18/23 MP: 5/5
   712 | D:1      | Reached XP level 3. HP: 28/28 MP: 7/7
  1249 | D:2      | Reached skill level 1 in Invocations
  1855 | D:3      | Reached skill level 1 in Short Blades
  1855 | D:3      | Reached skill level 1 in Long Blades
  1855 | D:3      | Reached skill level 1 in Axes
  1855 | D:3      | Reached skill level 1 in Maces & Flails
  1855 | D:3      | Reached skill level 1 in Polearms
  1855 | D:3      | Reached skill level 1 in Staves
  1855 | D:3      | Reached skill level 1 in Throwing
  1855 | D:3      | Reached skill level 1 in Armour
  1855 | D:3      | Reached skill level 1 in Stealth
  1855 | D:3      | Reached skill level 1 in Shields
  1855 | D:3      | Reached skill level 1 in Unarmed Combat
  1855 | D:3      | Reached skill level 1 in Evocations
  1905 | D:3      | Reached XP level 4. HP: 34/34 MP: 8/8
  2038 | D:3      | Found Naeholij's Weapon Emporium.
  2249 | D:3      | Reached skill level 1 in Conjurations
  2249 | D:3      | Reached skill level 1 in Summonings
  2249 | D:3      | Reached skill level 1 in Necromancy
  2249 | D:3      | Reached skill level 1 in Translocations
  2249 | D:3      | Reached skill level 1 in Transmutations
  2249 | D:3      | Reached skill level 1 in Fire Magic
  2249 | D:3      | Reached skill level 1 in Ice Magic
  2249 | D:3      | Reached skill level 1 in Air Magic
  2249 | D:3      | Reached skill level 1 in Earth Magic
  2249 | D:3      | Reached skill level 1 in Poison Magic
  2396 | D:3      | Noticed a scorpion
  2741 | D:3      | Found an ancient bone altar of Kikubaaqudgha.
  2741 | D:3      | Found a glowing golden altar of the Shining One.
  3011 | D:4      | Reached XP level 5. HP: 40/40 MP: 9/9
  3023 | D:4      | Found a staircase to the Ecumenical Temple.
  3226 | D:4      | Noticed an ogre
  3288 | D:3      | Reached skill level 5 in Ranged Weapons
  3288 | D:3      | Reached skill level 5 in Dodging
  3288 | D:3      | Reached XP level 6. HP: 47/47 MP: 8/11
  3435 | Temple   | Entered the Ecumenical Temple
  3528 | Temple   | Became a worshipper of Warmaster Okawaru
  4137 | D:3      | Reached XP level 7. HP: 29/52 MP: 8/12
  4857 | D:5      | Entered Level 5 of the Dungeon
  4888 | D:5      | Noticed Pikel
  5109 | D:5      | Found Osus Fac's Lightly-Used Armoury.
  5121 | D:4      | HP: 1/48 [wight/+1 halberd (12)]
  5123 | D:4      | Gained mutation: Your magical capacity is low. (-10% MP)
                  | [potion of mutation]
  5123 | D:4      | Gained mutation: Your muscles are strong. (Str +4, Int/Dex
                  | -1) [potion of mutation]
  5129 | D:4      | HP: 2/43 [wight/+4 spear of freezing (2)]
  5132 | D:4      | Slain by a wight

Illustrated notes

Levels and vault maps discovered:
D:1:      minmay_arrival_four_houses, layout_basic
D:2:      layout_loops_cross
D:3:      layout_loops_corners, amethyst_overflow_temple_binary, serial_shops,
          shop
D:4:      layout_basic, minmay_temple_entry_large_hall, hex_large,
          minmay_liquid_box
D:5:      layout_basic, minmay_shop_damaged, uniq_pikel
Temple:   hellmonk_temple_of_storms

Skill      XL: |  1  2  3  4  5  6  7 |
---------------+----------------------+-----
Invocations    | 1 2 |  2.9
Short Blades   | 1 2 |  2.6
Long Blades    | 1 2 |  2.6
Axes           | 1 2 |  2.6
Maces & Flails | 1 2 |  2.6
Polearms       | 1 2 |  2.6
Staves         | 1 2 |  2.6
Throwing       | 1 2 |  2.6
Armour         | 1 2 |  2.6
Stealth        | 1 2 |  2.6
Shields        | 1 2 |  2.6
Unarmed Combat | 1 2 |  2.6
Evocations     | 1 2 |  2.6
Spellcasting   | 3 |  3.9
Conjurations   | 1 2 |  2.1
Summonings     | 1 2 |  2.1
Necromancy     | 1 2 |  2.1
Translocations | 1 2 |  2.1
Transmutations | 1 2 |  2.1
Fire Magic     | 1 2 |  2.1
Ice Magic      | 1 2 |  2.1
Air Magic      | 1 2 |  2.1
Earth Magic    | 1 2 |  2.1
Poison Magic   | 1 2 |  2.1
Fighting       | 3 |  3.7
Ranged Weapons | 5 |  5.3
Dodging        | 5 |  5.3
Hexes          | |  5.9

Action                   |  1- 3 |  4- 6 |  7- 9 || total
-------------------------+-------+-------+-------++-------
Melee: Dagger            |       |     8 |     7 ||    15
       Bite              |       |     1 |       ||     1
       Punch             |       |       |     1 ||     1
 Fire: Sling             |   124 |   118 |    43 ||   285
Throw: Javelin           |       |    13 |       ||    13
 Cast: Slow              |       |    28 |     5 ||    33
Evoke: Wand              |       |     5 |       ||     5
  Use: Potion            |       |       |     6 ||     6
Armor: Robe              |    10 |    14 |       ||    24
       Leather armour    |       |     4 |     8 ||    12
Dodge: Dodged            |    41 |    51 |    32 ||   124

Table legend: (Time is in decaauts)
 A = Elapsed time spent in this place.
 B = Non-inter-level travel time spent in this place.
 C = Inter-level travel time spent in this place.
 D = Time resting spent in this place.
 E = Time spent auto-exploring this place.
 F = Levels seen in this place.
 G = Mean time per level.
                   A        B        C        D        E       F      G
               +--------+--------+--------+--------+--------+-----+--------+
         Total |   5186 |   3991 |   1195 |    647 |   2555 |   6 |  864.3 |
       Dungeon |   5079 |   3956 |   1123 |    647 |   2537 |   5 | 1015.8 |
        Temple |    106 |     34 |     72 |      0 |     18 |   1 |  106.0 |
               +--------+--------+--------+--------+--------+-----+--------+

Top non-repeatable levels by time:
     D:3: 1704 daAuts
     D:4: 1446 daAuts
     D:1: 1141 daAuts
     D:2: 712 daAuts
  Temple: 106 daAuts
     D:5: 74 daAuts
